 Dungeon Crawl Stone Soup version 0.29-a0-2-g12fcac58f8 (webtiles) character file.

Game seed: 5680254585986656738

20564 shoop the Covert (level 12, -11/76 (84) HPs)
             Began as a Vampire Enchanter on Jan 26, 2022.
             Was a Believer of Uskayaw.
             Killed by divine providence
             ... invoked by an orc priest
              (14 damage)
             ... while paralysed by an orc sorcerer
             ... on level 1 of the Orcish Mines on Jan 27, 2022.
             The game lasted 00:50:20 (14075 turns).

shoop the Covert (Vampire Enchanter)               Turns: 14075, Time: 00:50:21

HP:   -11/76 (84)   AC: 18    Str: 15    XL:     12   Next: 46%
MP:   18/21         EV:  2    Int: 28    God:    Uskayaw [**....]
Gold: 767           SH:  0    Dex: 16    Spells: 11/23 levels left

rFire   . . .      SeeInvis +   a - +2 short sword (elec)
rCold   . . .      Faith    .   K - +0 buckler {AC+3}
rNeg    . . .      Spirit   .   R - +0 acid dragon scales
rPois   .          Reflect  .   k - +2 helmet {Int+3}
rElec   .          Harm     .   Q - +0 cloak
rCorr   +          Rampage  .   G - +0 pair of gloves
Will    +....                   s - +2 pair of boots
Stlth   +++++.....              N - amulet of the acrobat
HPRegen 0.42/turn               W - +6 ring of intelligence
MPRegen 0.17/turn               L - +6 ring of strength

@: paralysed, lethally poisoned (-11 -> -19), healing quickly, drained
A: alive, fangs 3, see invisible, vampiric 2
a: Exsanguinate, Renounce Religion, Stomp, Line Pass


You were on level 1 of the Orcish Mines.
You worshipped Uskayaw.
Uskayaw was noncommittal.
You visited 3 branches of the dungeon, and saw 15 of its levels.

You collected 907 gold pieces.
You spent 140 gold pieces at shops.

Inventory:

Hand Weapons
 a - a +2 short sword of electrocution (weapon)
 b - a +2 dagger of flaming
 l - a +1 dagger of pain
 t - a +2 short sword of draining
Missiles
 m - 2 curare-tipped darts (quivered)
Armour
 k - a +2 helmet of intelligence (worn)
 s - a +2 pair of boots (worn)
 G - a +0 pair of gloves (worn)
 K - a +0 buckler of protection (worn)
 Q - a +0 cloak (worn)
 R - +0 acid dragon scales (worn)
Jewellery
 e - a ring of protection from cold
 u - a ring of wizardry
 A - a ring of wizardry
 L - a +6 ring of strength (right hand)
 N - an amulet of the acrobat (around neck)
 P - an amulet of regeneration
 V - a +4 ring of evasion
 W - a +6 ring of intelligence (left hand)
Wands
 h - a wand of iceblast (7)
 r - a wand of digging (6)
 F - a wand of mindburst (28)
 J - a wand of flame (22)
 T - a wand of paralysis (1)
 U - a wand of polymorph (5)
Scrolls
 d - 10 scrolls of teleportation
 g - a scroll of enchant weapon
 n - a scroll of immolation
 o - 4 scrolls of fear
 v - 2 scrolls of holy word {unknown}
 y - 2 scrolls of blinking
 C - 4 scrolls of amnesia {unknown}
 H - a scroll of fog
 M - 5 scrolls of enchant armour {unknown}
 Y - a scroll of summoning
Potions
 c - 2 potions of invisibility
 i - a potion of might
 p - 7 potions of curing
 w - 2 potions of flight {unknown}
 x - 2 potions of berserk rage {unknown}
 D - 4 potions of heal wounds
 E - 2 potions of lignification
 I - 2 potions of magic
 O - a potion of ambrosia
 S - 3 potions of brilliance {unknown}
 X - a potion of cancellation


   Skills:
 + Level 4.5 Fighting
 - Level 10.0 Short Blades
 - Level 4.0 Armour
 + Level 6.4 Dodging
 - Level 12.0 Stealth
 - Level 4.0 Shields
 + Level 6.0 Spellcasting
 + Level 11.2 Hexes
 - Level 5.0 Transmutations
 - Level 2.0 Ice Magic
 - Level 3.0 Air Magic
 - Level 2.0 Earth Magic
 + Level 6.9 Invocations
 - Level 3.0 Evocations


You had 11 spell levels left.
You knew the following spells:

 Your Spells              Type           Power      Damage    Failure   Level
a - Ensorcelled Hibernat  Hex/Ice        90%        N/A       1%          2
p - Passwall              Tmut/Erth      23%        N/A       3%          2
s - Swiftness             Air            25%        N/A       10%         3
y - Yara's Violent Unrav  Hex/Tmut       26%        3d11      11%         5

Your spell library contained the following spells:

 Spells                   Type           Power      Damage    Failure   Level
 Confusing Touch          Hex            64%        N/A       1%          3
 Tukima's Dance           Hex            64%        N/A       1%          3
 Sting                    Tmut/Pois      88%        1d7       3%          1
 Dazzling Flash           Conj/Hex       80%        N/A       3%          3
 Inner Flame              Hex/Fire       40%        N/A       3%          3
 Corpse Rot               Necr/Air       32%        N/A       9%          2
 Poisonous Vapours        Pois/Air       32%        N/A       9%          2
 Foxfire                  Conj/Fire      32%        2x1d5     11%         1
 Scorch                   Fire           16%        2d6       16%         2
 Summon Mana Viper        Hex/Summ       40%        N/A       30%         5
 Conjure Flame            Conj/Fire      8%         6-21      32%         3
 Summon Lightning Spire   Summ/Air       16%        N/A       50%         4
 Summon Ice Beast         Ice/Summ       14%        N/A       56%         4
 Enfeeble                 Hex            32%        N/A       65%         7
 Dispel Undead            Necr           8%         3d8       71%         4
 Flame Wave               Conj/Fire      8%         2d5       71%         4
 Olgreb's Toxic Radiance  Pois           8%         N/A       71%         4
 Death Channel            Necr           4%         N/A       100%        6
 Summon Cactus Giant      Summ           4%         N/A       100%        6
 Monstrous Menagerie      Summ           4%         N/A       100%        7
 Ozocubu's Refrigeration  Ice            9%         4d6       100%        7
 Storm Form               Tmut/Air       15%        N/A       100%        7
 Ignition                 Fire           4%         3d4       100%        8
 Maxwell's Capacitive Co  Air            12%        ∞         100%        8


Dungeon Overview and Level Annotations

Branches:
Dungeon (13/15)            Temple (1/1) D:6            Lair (0/6) D:11
    Orc (1/2) D:11
 Vaults: D:13-14

Altars:
Ashenzari
Cheibriados
Dithmenos
Elyvilon
Fedhas
Gozag
Hepliaklqana
Kikubaaqudgha
Makhleb
Nemelex Xobeh
Okawaru
Qazlal
Ru
Sif Muna
Trog
Uskayaw
Vehumet
Wu Jian
Xom
Yredelemnul
Zin
The Shining One
Beogh

Shops:
D:6 *

Annotations:
D:4 exclusion: ogre
D:5 exclusions: 2 gnolls, iguana and zombie
D:6 exclusion: water moccasin
D:8 Erica


Innate Abilities, Weirdness & Mutations

Your natural rate of healing is accelerated.
You have razor-sharp teeth.
You have supernaturally acute eyesight. (SInv)
You are afflicted with vampirism and can become a bat while bloodless.


Message History

An orc wizard comes into view. It is wielding a +0 dagger.
The orc sorcerer hits you but does no damage.
You are poisoned.
The orc wizard shouts!
You hit the orc sorcerer. Your bite misses the orc sorcerer.
The orc sorcerer is severely wounded.
You feel sick. The orc priest closely misses you.
You can now pass through a line of other dancers.
You hit the orc sorcerer but do no damage.
The orc sorcerer is severely wounded.
You feel sick. The orc sorcerer casts a spell at you.
You suddenly lose the ability to move!
An orc comes into view. It is wielding a +0 dagger.
You feel sick.
The orc priest mumbles some strange prayers to Beogh against you.
You resist with significant effort.
The orc wizard hits you but does no damage.
The orc wizard gestures wildly while chanting.
The orc wizard flickers and vanishes for a moment.
The orc sorcerer gestures at you while chanting.
The bolt of negative energy hits you!
You feel drained.
* * * LOW HITPOINT WARNING * * *
You feel sick.
The orc priest invokes the aid of Beogh against you.
Beogh smites you!
* * * LOW HITPOINT WARNING * * *
The orc wizard hits you but does no damage.
The orc sorcerer hits you but does no damage.
You are lethally poisoned!
A troll comes into view.
The orc hits you with a +0 dagger.
* * * LOW HITPOINT WARNING * * *
The troll shouts!
* * * LOW HITPOINT WARNING * * *
You feel very sick.
You hear a shout!
The orc priest invokes the aid of Beogh against you.
Beogh smites you!
You die...

..# #... ..# #...
..### ...o. ....##
..... .....##
..Th.. ###.......
.$...o###........#
.....ooo@.<.....#
##....ooo...#.##
#...........#
#........####
###........
#.......##
##....### ##..##
####


You could see a troll, a warg, an orc sorcerer, an orc priest, 3 orc wizards and
2 orcs.

Vanquished Creatures
  A vault guard (D:13)
  A boulder beetle (D:13)
  A centaur warrior (D:13)
  4 two-headed ogres
  A tengu warrior (D:13)
  3 wizards (D:13)
  A deep elf pyromancer (D:13)
  2 ugly things (D:13)
  2 cyclopes
  2 gargoyles
  An unseen horror (D:11)
  2 kobold demonologists (D:11)
  7 slime creatures
  A hornet (D:10)
  A troll (D:13)
  A shadow (D:13)
  5 wraiths
  4 yaks (D:11)
  13 humans (D:13)
  2 basilisks
  5 wyverns
  7 vampire mosquitoes (D:13)
  A steam dragon (D:7)
  2 acid dragons
  4 water moccasins (D:11)
  7 orc warriors
  2 black bears
  An ogre (D:7)
  2 phantoms
  5 kobold brigands
  7 bullfrogs
  A gnoll sergeant (D:8)
  A wyvern skeleton (D:7)
  A hornet simulacrum (D:11)
  An electric eel (D:9)
  5 howler monkeys
  A jelly (D:7)
  4 centaur zombies
  A centaur skeleton (D:5)
  A hound (D:4)
  3 orc priests
  A bullfrog skeleton (D:6)
  3 iguanas
  Jessica (D:2)
  9 orc wizards
  A hound skeleton (D:4)
  A howler monkey zombie (D:9)
  Robin (D:2)
  A howler monkey skeleton (D:5)
  9 adders
  9 gnolls
  3 white imps
  3 worms
  2 dart slugs
  35 orcs
  6 ball pythons
  5 bats
  4 endoplasms
  5 giant cockroaches
  13 goblins
  8 hobgoblins
  9 jackals
  6 frilled lizards
  38 kobolds
  3 rats
293 creatures vanquished.

Vanquished Creatures (others)
  2 fungi (D:11)
  66 plants
  4 withered plants (D:11)
72 creatures vanquished.

Grand Total: 365 creatures vanquished

Notes
Turn   | Place    | Note
-------+----------+-------------------------------------------
     0 | D:1      | shoop the Vampire Enchanter began the quest for the Orb.
     0 | D:1      | Reached XP level 1. HP: 13/13 MP: 3/3
   267 | D:1      | Reached XP level 2. HP: 19/19 MP: 5/5
   275 | D:1      | Learned a level 2 spell: Ensorcelled Hibernation
   856 | D:2      | Noticed Robin
   938 | D:2      | Gained mutation: You are afflicted with vampirism and can
                  | become a bat while bloodless. [Vampire growth]
   938 | D:2      | Reached XP level 3. HP: 24/24 MP: 6/6
   970 | D:2      | Reached skill level 1 in Ice Magic
  1003 | D:2      | Found a faded altar of an unknown god.
  1078 | D:2      | Reached skill level 5 in Hexes
  1251 | D:2      | Killed Robin
  1252 | D:2      | Reached XP level 4. HP: 23/30 MP: 2/7
  1564 | D:2      | Noticed Jessica
  1727 | D:3      | Reached XP level 5. HP: 33/35 MP: 3/8
  1829 | D:3      | Learned a level 2 spell: Passwall
  1833 | D:3      | Learned a level 3 spell: Swiftness
  2351 | D:3      | Found a radiant altar of Vehumet.
  2666 | D:2      | Killed Jessica
  2667 | D:2      | Reached skill level 1 in Transmutations
  2667 | D:2      | Reached skill level 1 in Earth Magic
  2895 | D:4      | Noticed a two-headed ogre
  3350 | D:4      | Reached skill level 5 in Short Blades
  3372 | D:4      | Reached XP level 6. HP: 39/41 MP: 9/9
  3393 | D:4      | HP: 2/41 [poisoned by a kobold brigand (curare-tipped
                  | dart)]
  3399 | D:4      | Reached skill level 5 in Stealth
  3714 | D:4      | Reached skill level 6 in Stealth
  3971 | D:4      | Identified the +4 robe of Cocytus {Will++}
  4033 | D:5      | Entered Level 5 of the Dungeon
  4367 | D:5      | Reached skill level 7 in Stealth
  4532 | D:5      | Reached XP level 7. HP: 46/46 MP: 10/10
  4793 | D:6      | Found a staircase to the Ecumenical Temple.
  4801 | D:6      | Reached skill level 8 in Stealth
  4803 | Temple   | Entered the Ecumenical Temple
  5029 | Temple   | Became a worshipper of Uskayaw the Reveller
  5108 | D:6      | Reached * piety under Uskayaw
  5109 | D:6      | Reached skill level 1 in Air Magic
  5110 | D:6      | Reached ** piety under Uskayaw
  5111 | D:6      | Reached skill level 1 in Invocations
  5198 | D:6      | Found Ussufel's General Store.
  5206 | D:6      | Bought a potion of curing for 30 gold pieces
  5206 | D:6      | Bought a scroll of fear for 35 gold pieces
  5206 | D:6      | Bought a scroll of blinking for 75 gold pieces
  5309 | D:6      | Reached *** piety under Uskayaw
  5361 | D:6      | Reached skill level 9 in Stealth
  5879 | D:6      | Reached XP level 8. HP: 52/52 MP: 11/11
  6425 | D:7      | Reached skill level 10 in Stealth
  7055 | D:7      | Reached skill level 1 in Evocations
  7231 | D:8      | Reached skill level 11 in Stealth
  7369 | D:8      | Found an ornate altar of the Wu Jian Council.
  7369 | D:8      | Found a basalt altar of Yredelemnul.
  7625 | D:8      | Reached XP level 9. HP: 51/57 MP: 9/12
  7671 | D:8      | Noticed Erica
  7906 | D:8      | Reached **** piety under Uskayaw
  8261 | D:9      | Noticed a two-headed ogre
  8262 | D:9      | Killed a two-headed ogre
  8263 | D:9      | Reached skill level 1 in Shields
  8302 | D:9      | Reached skill level 12 in Stealth
  8309 | D:9      | Reached skill level 5 in Invocations
  8550 | D:9      | Noticed a two-headed ogre
  8568 | D:9      | Killed a two-headed ogre
  8569 | D:9      | Reached XP level 10. HP: 8/63 MP: 8/14
  9472 | D:10     | Entered Level 10 of the Dungeon
  9492 | D:10     | Noticed a cyclops
 10214 | D:10     | Killed a cyclops
 10215 | D:10     | Reached skill level 1 in Armour
 10281 | D:11     | Noticed a two-headed ogre
 10390 | D:11     | Noticed a cyclops
 10542 | D:11     | Found a staircase to the Orcish Mines.
 10569 | D:11     | Reached skill level 10 in Short Blades
 10628 | D:11     | You fall into a shaft and drop 2 floors!
 10668 | D:13     | Noticed a tengu warrior
 10677 | D:13     | Noticed a deep elf pyromancer
 10677 | D:13     | Noticed a cyan ugly thing
 10725 | D:13     | Killed a cyan ugly thing
 10836 | D:12     | Noticed a gargoyle
 10874 | D:11     | Reached skill level 1 in Fighting
 10964 | D:11     | Noticed a two-headed ogre
 11108 | D:11     | Found a staircase to the Lair.
 11269 | D:11     | Reached XP level 11. HP: 75/75 MP: 12/15
 11296 | D:11     | Learned a level 5 spell: Yara's Violent Unravelling
 11402 | D:11     | Killed a two-headed ogre
 11475 | D:11     | Reached ***** piety under Uskayaw
 11702 | D:11     | Found an ancient bone altar of Kikubaaqudgha.
 11861 | D:11     | Killed a two-headed ogre
 12192 | D:12     | Noticed a boulder beetle
 12534 | D:13     | Noticed a centaur warrior
 12539 | D:13     | Killed a centaur warrior
 12598 | D:13     | Reached skill level 5 in Dodging
 12959 | D:13     | Killed a deep elf pyromancer
 12960 | D:13     | Reached skill level 5 in Transmutations
 13173 | D:13     | Reached skill level 5 in Spellcasting
 13387 | D:13     | Noticed a boulder beetle
 13405 | D:13     | Noticed a green ugly thing
 13463 | D:13     | Killed a green ugly thing
 13464 | D:13     | Reached skill level 10 in Hexes
 13468 | D:13     | Killed a boulder beetle
 13588 | D:13     | Identified the +0 plate armour of the Big Bang {Harm rPois
                  | rF+ rN+ Int-4}
 13592 | D:13     | Killed a tengu warrior
 13593 | D:13     | Reached XP level 12. HP: 81/81 MP: 12/19
 13684 | D:13     | Noticed a vault guard
 13695 | D:13     | Noticed a vault guard
 13705 | D:13     | Reached ****** piety under Uskayaw
 13706 | D:13     | Killed a vault guard
 13977 | D:12     | Noticed a rakshasa
 13977 | D:12     | Noticed a centaur warrior
 13977 | D:12     | Noticed a stone giant
 13977 | D:12     | Noticed a sphinx
 13977 | D:12     | Noticed a deep troll earth mage
 14055 | Orc:1    | Entered Level 1 of the Orcish Mines
 14072 | Orc:1    | Paralysed by an orc sorcerer for 6 turns
 14075 | Orc:1    | HP: 3/76 [poisoned by an orc sorcerer]
 14075 | Orc:1    | Killed from afar by an orc priest

Illustrated notes

Levels and vault maps discovered:
D:1:      matt_arrival_spirals, layout_basic
D:2:      layout_rooms, shapermc_ecumenical_altar_venn, minmay_misc_feat_room,
          uniq_jessica, uniq_robin
D:3:      layout_rooms, lemuel_round_altar, interstate_on_off, kennysheep_boxes
D:4:      kennysheep_kobold_camp, layout_loops_ring, nicolae_figureground_pulse
D:5:      layout_basic, serial_shops, shop, uniq_edmund
D:6:      layout_layer_cave, minmay_temple_entry_proselytizer, serial_shops,
          shop_statue, grunt_decor_mini_mirrors, minmay_checkerbox
D:7:      layout_basic
D:8:      layout_basic, grunt_temple_overflow_open, special_room
          [special_room_orc], hangedman_abyss_or_decor_lesser_grid, uniq_erica
D:9:      layout_basic, minmay_fractal_squares_diagonal_5
D:10:     layout_irregular_city, kennysheep_generic_room_4
D:11:     layout_rooms, minmay_lair_entry_grove, orc_0_dummy,
          minmay_misc_feat_cross, kiku_gazebo_garden_becter
D:12:     layout_loops_ring, nicolae_rejected_hall
D:13:     layout_roguey, grunt_vaults_entry_tiered, kennysheep_generic_room_8
Temple:   mainiacjoe_temple_bowtie_tessellation
Orc:1:    layout_diamond_mine, portal_ice_cave_entry_ice_simulacra, uniq_snorg

Skill      XL: |  1  2  3  4  5  6  7  8  9 10 11 12 |
---------------+-------------------------------------+-----
Short Blades   | 2 3 4 5 6 8 10 | 10.0
Ice Magic      | 1 2 |  2.0
Hexes          | 5 10 11 | 11.2
Transmutations | 1 2 5 |  5.0
Earth Magic    | 1 2 |  2.0
Stealth        | 7 9 11 12 | 12.0
Air Magic      | 2 3 |  3.0
Invocations    | 2 4 5 6 |  6.9
Evocations     | 2 3 |  3.0
Shields        | 3 4 |  4.0
Armour         | 4 |  4.0
Fighting       | 3 4 |  4.5
Dodging        | 3 5 6 |  6.4
Spellcasting   | 5 6 |  6.0

Action                   |  1- 3 |  4- 6 |  7- 9 | 10-12 || total
-------------------------+-------+-------+-------+-------++-------
Melee: Dagger            |   103 |   169 |    12 |    33 ||   317
       Bite              |    13 |    16 |    23 |    40 ||    92
       Rapier            |    10 |       |       |       ||    10
       Punch             |       |     4 |       |       ||     4
       Short sword       |       |    71 |   254 |   283 ||   608
 Cast: Ensorcelled Hiber |     7 |    25 |    31 |    62 ||   125
       Swiftness         |       |       |     1 |       ||     1
       Passwall          |       |       |       |    14 ||    14
Invok: Line Pass         |       |       |     1 |       ||     1
       Grand Finale      |       |       |       |     1 ||     1
Evoke: Wand              |       |       |     1 |     1 ||     2
  Use: Potion            |       |     4 |       |       ||     4
       Scroll            |       |       |       |    11 ||    11
 Stab: Sleeping          |    12 |    23 |    27 |    45 ||   107
       Distracted        |       |     1 |       |     1 ||     2
       Paralysed         |       |       |    10 |     9 ||    19
Armor: Robe              |    15 |    74 |    67 |    12 ||   168
       Acid dragon scale |       |       |       |    90 ||    90
Dodge: Dodged            |    58 |   115 |   124 |   122 ||   419
Block: Buckler           |       |       |    14 |    35 ||    49

Table legend: (Time is in decaauts)
 A = Elapsed time spent in this place.
 B = Non-inter-level travel time spent in this place.
 C = Inter-level travel time spent in this place.
 D = Time resting spent in this place.
 E = Time spent auto-exploring this place.
 F = Levels seen in this place.
 G = Mean time per level.
                   A        B        C        D        E       F      G
               +--------+--------+--------+--------+--------+-----+--------+
         Total |  13887 |  12900 |    987 |    535 |   9318 |  15 |  925.8 |
       Dungeon |  13627 |  12681 |    946 |    535 |   9132 |  13 | 1048.2 |
        Temple |    243 |    202 |     41 |      0 |    186 |   1 |  243.0 |
  Orcish Mines |     16 |     16 |      0 |      0 |      0 |   1 |   16.0 |
               +--------+--------+--------+--------+--------+-----+--------+

Top non-repeatable levels by time:
    D:13: 1351 daAuts
     D:6: 1320 daAuts
    D:11: 1256 daAuts
     D:4: 1140 daAuts
     D:7: 1101 daAuts
     D:3: 1077 daAuts
     D:9: 1012 daAuts
    D:12: 999 daAuts
     D:8: 949 daAuts
     D:2: 894 daAuts
    D:10: 888 daAuts
     D:1: 885 daAuts
     D:5: 751 daAuts
  Temple: 243 daAuts
   Orc:1: 16 daAuts
